 Dungeon Crawl Stone Soup version 0.22-a0-567-gff9aefc (webtiles) character file.

2941 Ijustatesigmund the Cleaver (level 9, 0/84 HPs)
             Began as a Hill Orc Fighter on June 29, 2018.
             Was an Initiate of the Shining One.
             Slain by Erica
             ... wielding a +2 scimitar of flaming
              (7 damage)
             ... on level 8 of the Dungeon.
             The game lasted 00:16:38 (5880 turns).

Ijustatesigmund the Cleaver (Hill Orc Fighter)      Turns: 5880, Time: 00:16:40

Health: 0/84       AC:  8    Str: 26    XL:     9   Next: 80%
Magic:  13/13      EV:  9    Int:  8    God:    the Shining One [......]
Gold:   395        SH: 11    Dex: 13    Spells: 8/8 levels left

rFire    . . .     SeeInvis .   a - +0 war axe
rCold    + . .     Gourm    .   c - +0 shield
rNeg     . . .     Faith    .   d - +0 troll leather armour {Purgy}
rPois    .         Spirit   .   (no helmet)
rElec    .         Reflect  .   j - +2 cloak
rCorr    .         Harm     .   e - +0 pair of gloves
MR       .....                  (no boots)
Stlth    +.........             (no amulet)
HPRegen  0.64/turn              w - ring of protection from cold
MPRegen  0.13/turn              (no ring)

@: mighty, lethally poisoned (0 -> 0), slowed, glowing, very slow
A: strong 1, wild magic 1, sturdy frame 1
a: Renounce Religion


You were on level 8 of the Dungeon.
You worshipped the Shining One.
The Shining One was noncommittal.
You were not hungry.

You visited 2 branches of the dungeon, and saw 9 of its levels.

You collected 395 gold pieces.

Inventory:

Hand Weapons
 a - a +0 war axe (weapon)
 b - a +0 flail of venom
Missiles
 m - 8 javelins (quivered)
Armour
 c - a +0 shield (worn)
 d - a +0 troll leather armour (worn) {Purgy}
 e - a +0 pair of gloves (worn)
 j - a +2 cloak (worn)
Jewellery
 w - a ring of protection from cold (left hand)
 A - an uncursed ring of flight {unknown}
Wands
 i - a wand of polymorph (24)
 p - a wand of enslavement (15)
 y - a wand of disintegration (11)
Scrolls
 k - a scroll of blinking
 l - a scroll of fear
 n - 3 scrolls of magic mapping
 t - 8 scrolls of identify
 x - 2 scrolls of teleportation
 B - a scroll of brand weapon {unknown}
Potions
 g - a potion of cancellation
 h - a potion of flight {unknown}
 o - 3 potions of brilliance
 q - a potion of haste
 r - 4 potions of mutation
 s - 2 potions of curing {unknown}
 u - a potion of heal wounds
 v - 2 potions of lignification
Comestibles
 f - 13 rations
 z - 2 chunks of flesh


   Skills:
 - Level 9.6 Fighting
 - Level 11.3 Axes
 - Level 3.2 Armour
 - Level 6.4 Shields
 + Level 5.7 Invocations


You had 8 spell levels left.
You didn't know any spells.
Your spell library was empty.

Dungeon Overview and Level Annotations

Branches:
Dungeon (8/15)             Temple (1/1) D:5
   Lair: D:8-11

Altars:
Ashenzari
Cheibriados
Dithmenos
Fedhas
Gozag
Hepliaklqana
Kikubaaqudgha
Makhleb
Nemelex Xobeh
Qazlal
Ru
Sif Muna
Trog
Uskayaw
Wu Jian
Xom
Yredelemnul
Zin
The Shining One

Annotations:
D:8 Erica, Joseph


Innate Abilities, Weirdness & Mutations

Your muscles are strong. (Str +2)
Your spells are a little harder to cast, but a little more powerful.
Your movements are slightly less encumbered by armour. (ER -2)


Message History

Deactivating autopickup; reactivate with Ctrl-A.
You block Joseph's attack.
You closely miss Joseph.
Joseph is lightly wounded.
You closely miss something.
You feel sick. Something completely misses you.
Joseph hits you with an uncursed quarterstaff of speed!
You slash Joseph!
Joseph is moderately wounded.
You miss something.
You feel sick. Joseph says, "I'm happy to see you.
And I'll be happy to kill you."
Joseph hits you with an uncursed quarterstaff of speed!
* * * LOW HITPOINT WARNING * * *
Something hits you!
* * * LOW HITPOINT WARNING * * *
Something burns you.
* * * LOW HITPOINT WARNING * * *
Joseph hits you with an uncursed quarterstaff of speed.
* * * LOW HITPOINT WARNING * * *
Something hits you!
You die...

#..##.#)# #.# #......
#...#.#.# #.# #......
#.#[#.#.#.#.#######......
#.#.#.#.#...=.......#####
#.#.#.#.###.#####)...#
#.#.#.#.#... ..#....#
#.#.#.#.#... #.#....#
#.#.#.#.#######.#....# .
#.#....{@.......#....# ..
#.###.#@######<......#...
#.....#.# ####.......≈
#######(#####...#...#...≈
#.............#...#....
#.(.≈≈≈≈≈≈≈≈..#...#.###
#.(.≈≈≈≈≈≈≈≈.(#...#.#
#.(≈≈≈≈≈≈≈≈≈..#...#.#
#..≈≈≈≈≈≈≈≈≈..#...#.#


You could see Joseph.

Vanquished Creatures
  Maurice (D:8)
  Psyche (D:8)
  Sigmund (D:3)
  3 orc warriors
  3 sky beasts
  An ice beast (D:6)
  A phantom (D:7)
  An ogre (D:6)
  A boggart (D:3)
  A bullfrog (D:6)
  A killer bee (D:7)
  A howler monkey (D:8)
  3 crimson imps
  A bullfrog zombie (D:6)
  A quasit (D:6)
  A centaur zombie (D:7)
  3 hounds
  A jelly (D:7)
  5 orc priests
  A centaur skeleton (D:5)
  2 iguanas
  4 orc wizards
  4 worker ants
  2 howler monkey skeletons (D:6)
  4 gnolls (D:7)
  9 adders
  2 shadow imps
  3 adder zombies
  2 worms
  8 leopard geckos
  25 orcs
  3 bats (D:2)
  5 giant cockroaches
  8 goblins
  12 hobgoblins
  3 quokkas
  3 ball pythons
  8 frilled lizards
  A jackal skeleton (D:4)
  7 kobolds
  6 rats
153 creatures vanquished.

Vanquished Creatures (collateral kills)
  A bullfrog (D:7)
  A killer bee (D:7)
  4 orcs (D:7)
6 creatures vanquished.

Vanquished Creatures (others)
  A phantom (D:7)
  4 killer bees (D:7)
  An orc (D:7)
  2 quokkas (D:8)
  2 fungi (D:8)
  A plant (D:8)
11 creatures vanquished.

Grand Total: 170 creatures vanquished

Notes
Turn   | Place    | Note
-------+----------+-------------------------------------------
     0 | D:1      | Ijustatesigmund the Hill Orc Fighter began the quest for the Orb.
     0 | D:1      | Reached XP level 1. HP: 19/19 MP: 1/1
    25 | D:1      | Reached skill level 3 in Axes
    43 | D:1      | Reached XP level 2. HP: 21/27 MP: 2/2
   796 | D:2      | Reached skill level 4 in Axes
   869 | D:2      | Reached XP level 3. HP: 31/33 MP: 3/3
  1066 | D:2      | Reached XP level 4. HP: 28/41 MP: 4/4
  1438 | D:2      | Gained mutation: Your muscles are strong. (Str +2) [potion of mutation]
  1438 | D:2      | Gained mutation: Your spells are a little harder to cast, but a little more powerful. [potion of mutation]
  1438 | D:2      | Gained mutation: Your movements are slightly less encumbered by armour. (ER -2) [potion of mutation]
  1451 | D:2      | Reached skill level 5 in Axes
  1629 | D:3      | Noticed Sigmund
  1640 | D:3      | Killed Sigmund
  1640 | D:3      | Reached skill level 5 in Fighting
  1640 | D:3      | Reached skill level 6 in Axes
  1640 | D:3      | Reached XP level 5. HP: 39/48 MP: 5/5
  1640 | D:3      | Reached XP level 6. HP: 46/56 MP: 6/6
  1743 | D:3      | Found a burning altar of Makhleb.
  1867 | D:3      | Noticed Purgy
  1878 | D:3      | Noticed Purgy
  1878 | D:3      | Purgy changed into Purgy the boggart
  1882 | D:3      | Killed Purgy the boggart
  1882 | D:3      | Reached skill level 7 in Axes
  1913 | D:3      | Found a sacrificial altar of Ru.
  1913 | D:3      | Found an opulent altar of Gozag.
  1914 | D:3      | Found an ornate altar of the Wu Jian Council.
  2371 | D:4      | Reached XP level 7. HP: 63/63 MP: 7/7
  2913 | D:5      | Entered Level 5 of the Dungeon
  3127 | D:5      | Reached skill level 8 in Axes
  3260 | D:5      | Found a staircase to the Ecumenical Temple.
  3265 | D:5      | Reached skill level 5 in Shields
  3275 | Temple   | Entered the Ecumenical Temple
  3452 | D:5      | Found a blossoming altar of Fedhas.
  3563 | D:5      | Found a bloodstained altar of Trog.
  3568 | D:5      | Found a sparkling altar of Nemelex Xobeh.
  3598 | D:5      | Found a shadowy altar of Dithmenos.
  3701 | D:6      | Found a stormy altar of Qazlal.
  3735 | D:6      | Reached XP level 8. HP: 59/73 MP: 8/8
  4201 | D:6      | Reached skill level 9 in Axes
  4862 | D:7      | Reached XP level 9. HP: 71/82 MP: 9/9
  4880 | D:7      | Reached skill level 10 in Axes
  5385 | D:7      | Found a glowing golden altar of the Shining One.
  5390 | D:7      | Found a basalt altar of Yredelemnul.
  5394 | D:7      | Noticed an angel
  5399 | D:7      | Became a worshipper of the Shining One
  5409 | D:7      | Noticed a profane servitor
  5529 | D:8      | Noticed Maurice
  5579 | D:8      | Killed Maurice
  5579 | D:8      | Reached skill level 11 in Axes
  5653 | D:8      | Noticed Psyche
  5667 | D:8      | Killed Psyche
  5667 | D:8      | Reached skill level 5 in Invocations
  5849 | D:8      | Noticed Joseph
  5849 | D:8      | Noticed Erica
  5880 | D:8      | Slain by Erica

Vault maps used:
D:1:      eino_arrival_water_star
D:2:      hangedman_abyss_or_decor_stabs
D:3:      makhleb_grotto_becter, grunt_temple_overflow_open, first_ration,
          uniq_purgy, uniq_sigmund
D:5:      nicolae_overflow_hidden_temple, minmay_temple_entry_fiery,
          fedhas_altar_3
D:6:      old_standard_altar
D:7:      grunt_temple_overflow_holy_war
D:8:      elyvilon_altar_4, dpeg_oklobed_lair, uniq_psyche, uniq_joseph,
          uniq_maurice, uniq_erica
Temple:   nicolae_temple_figure_zero

Skill      XL: |  1  2  3  4  5  6  7  8  9 |
---------------+----------------------------+-----
Axes           | 3 4 6 7 8 9 11 | 11.3
Fighting       | 4 5 6 7 8 9 |  9.6
Shields        | 4 5 6 |  6.4
Invocations    | 5 |  5.7
Armour         | |  3.2

Action                   |  1- 3 |  4- 6 |  7- 9 || total
-------------------------+-------+-------+-------++-------
Melee: War axe           |   115 |   128 |   321 ||   564
Throw: Javelin           |       |     2 |     3 ||     5
Evoke: Wand              |       |     5 |    13 ||    18
  Use: Scroll            |       |    10 |     3 ||    13
       Potion            |       |     2 |     6 ||     8
  Eat: Chunk             |       |     5 |     8 ||    13
       Ration            |       |       |     1 ||     1
Armor: Scale mail        |    42 |    38 |       ||    80
       Troll leather arm |       |     9 |    84 ||    93
       Skin              |       |       |    18 ||    18
Dodge: Dodged            |    32 |    29 |    95 ||   156
Block: Shield            |    70 |    65 |   146 ||   281

Table legend:
 A = Spawn XP
 B = Non-spawn XP
 C = Spawn XP percentage of total XP
 D = Spawn monster count
 E = Non-spawn monster count
 F = Spawn count percentage of total count
 G = Total turns spent on level
                    A         B        C        D         E        F      G
               +---------+---------+-------+---------+---------+-------+---------
         Total |       0 |    4202 |   0.0 |       0 |     160 |   0.0 |  5880
               +---------+---------+-------+---------+---------+-------+---------
           D:1 |       0 |      26 |   0.0 |       0 |      16 |   0.0 |   789
           D:2 |       0 |      68 |   0.0 |       0 |      25 |   0.0 |   788
           D:3 |       0 |     471 |   0.0 |       0 |      23 |   0.0 |   740
           D:4 |       0 |     235 |   0.0 |       0 |      19 |   0.0 |   732
           D:5 |       0 |     345 |   0.0 |       0 |      14 |   0.0 |   524
           D:6 |       0 |     933 |   0.0 |       0 |      31 |   0.0 |  1096
           D:7 |       0 |    1178 |   0.0 |       0 |      26 |   0.0 |   738
           D:8 |       0 |     946 |   0.0 |       0 |       6 |   0.0 |   355
               +---------+---------+-------+---------+---------+-------+---------
